Zazza, neutral female human Tourist ---------------- ----------- |............a.| |.........| ##-............a@| #..........| --------- # |@...........h.| #|.......*..#########.......(| ### ---------------- #--------+-- ##|.......| # ### # ####|........################## # # # #|.......| # ## ### #--------- ------ # --.-- # #########%#####.....| -------- -------# #|...|### # |.....################### |......| |..<..|# #|...|# ##-....| # |......| |.....-# #|...-# |.....####################.%...>.| |.....| #|...| #.....| # |......| |......######|...-######################|....| ###|......| |.....| ----- ------ #.......| ------- -------- Zazza the Sightseer Experience level: 5 Strength: 14 Dexterity: 13 Constitution: 16 Intelligence: 13 Wisdom: 9 Charisma: 17 Health: 0(33) Energy: 16(16) Def: 4 Gold: 0 Moves: 5227 Dungeon seed: h1EyeVTLEQSgxLR8 Game ID: Zazza_1570289040 Your Inventory: Amulets B - an uncursed amulet of magical breathing (being worn) Weapons a - 21 +2 darts s - a +2 two-handed sword (weapon in hands) t - 4 +0 orcish daggers (in quiver) Armor e - an uncursed +0 Hawaiian shirt (being worn) q - an uncursed +1 orcish helm (being worn) y - an uncursed +0 leather armor (being worn) z - an uncursed +0 cloak of protection Comestibles b - an uncursed clove of garlic d - 4 uncursed pancakes f - 6 uncursed food rations g - an uncursed pear A - 2 uncursed fortune cookies H - an uncursed carrot Scrolls j - 4 uncursed scrolls of magic mapping w - a blessed scroll of charging F - a blessed scroll of destroy armor I - a cursed scroll of identify K - a cursed scroll of destroy armor V - an uncursed scroll of teleportation W - a cursed scroll of create monster Z - an uncursed scroll of identify Spellbooks h - an uncursed spellbook of clairvoyance i - an uncursed spellbook of magic missile m - an uncursed spellbook of haste self Potions o - a cursed potion of object detection p - an uncursed potion of fruit juice x - an uncursed potion of levitation E - an uncursed potion of gain ability M - an uncursed potion of healing O - an uncursed potion of monster detection P - an uncursed potion of sleeping Rings D - a blessed +1 ring of adornment (on left hand) G - a cursed -1 ring of gain strength J - an uncursed +1 ring of increase accuracy Wands v - a wand of striking (0:3) Tools k - an expensive camera (0:60) l - an uncursed credit card n - an uncursed mirror L - an uncursed blindfold Gems Y - an uncursed worthless piece of yellow glass Spells and supernatural/magical abilities: Name Level Category Fail Memory W - pray for help -- divine ? -- Your skills at the end: Fighting Skills Weapon Skills two-handed sword [Basic] dart [Basic] Spellcasting Skills Final Attributes: You were piously aligned. You were telepathic. You were adorned. You could survive without air. You are dead. Vanquished creatures: 2 small mimics a wood nymph a water nymph a yellow light 3 giant ants a little dog 2 floating eyes 2 kittens 2 rothes 2 dwarf zombies a wererat a werejackal an iguana 2 acid blobs a coyote 12 manes a large kobold 2 hobgoblins 3 giant rats 3 yellow molds 5 geckos 4 jackals a fox 7 goblins 7 grid bugs 5 lichens 3 kobold zombies 8 newts 84 creatures vanquished. Voluntary challenges: You had been an atheist until turn 3982. You used a wielded weapon 69 times, starting on turn 593. You read items or engraved 2 times, starting on turn 5225. You never genocided any monsters. You never polymorphed an object. You never changed form. You used no wishes. You never split a pudding. You never wrote Elbereth's name. You never violated your personal moral code. Dungeon overview: The Dungeons of Doom: levels 1 to 5 Level 1 a long staircase Level 2 a long staircase Level 3 <- You were here a general store Level 4 a fountain Level 5 a delicatessen, an altar to The Lady History has recorded: On T:1 you entered the Dungeons of Doom to retrieve the Amulet of Yendor! On T:771 you reached level 2 of The Dungeons of Doom. On T:984 you advanced to experience level 2. On T:1417 you reached level 3 of The Dungeons of Doom. On T:2198 you advanced to experience level 3. On T:2654 you advanced to experience level 4. On T:3615 you reached level 4 of The Dungeons of Doom. On T:3621 you advanced to experience level 5. On T:3891 you reached level 5 of The Dungeons of Doom. Score breakdown: Gold: 0 ( 0 points) Experience: 5 levels (11141 points) Exploration: 5 levels ( 10.64%) ( 8846 points) Discoveries: 14 items ( 4.70%) ( 6502 points) Valuables value: (no points given unless you survive) Artifact value: 0 ( 0 points) Variety of kills: 28 monsters ( 7.35%) ( 8132 points) Turncount: 5227 turns (-1420 points) Survival: died (score multiplied by 80%) Total score: 26560 Latest messages: The giant ant bites! (4x) You miss the giant ant. The giant ant misses. The giant ant bites! You miss the giant ant. The giant ant bites! (3x) The giant ant misses. The giant ant bites! (2x) You feel much better. The giant ant bites! (4x) As you read the scroll, it disappears. Your apron crumbles and turns to dust! The giant ant bites! (2x) As you read the scroll, it disappears. The hobbit wields a runed dagger! The giant ant bites! (4x) The hobbit thrusts his runed dagger. The hobbit hits! You die... Pakka Pakka comes and takes all your possessions. Final status: Aloha Zazza the Tourist, killed by a hobbit... You died in The Dungeons of Doom on dungeon level 3 with 26560 points, and 0 pieces of gold, after 5227 moves. You were level 5 with a maximum of 33 hit points when you died.